 Dungeon Crawl Stone Soup version 0.28-a0-906-g0406aca7d3 (webtiles) character file.

Game seed: 68799259703564436

86 vineage the Skirmisher (level 4, -7/38 HPs)
             Began as a Demonspawn Gladiator on Nov 23, 2021.
             Mangled by Natasha (8 damage)
             ... on level 2 of the Dungeon.
             The game lasted 00:02:06 (1552 turns).

vineage the Skirmisher (Demonspawn Gladiator)       Turns: 1552, Time: 00:02:07

Health: -7/38      AC:  4    Str: 16    XL:     4   Next: 27%
Magic:  4/4        EV: 12    Int:  9    God:
Gold:   38         SH:  0    Dex: 14    Spells: 3/3 levels left

rFire   . . .      SeeInvis .   a - +0 long sword
rCold   . . .      Faith    .   (no shield)
rNeg    . . .      Spirit   .   b - +0 leather armour
rPois   .          Reflect  .   c - +0 helmet
rElec   .          Harm     .   (no cloak)
rCorr   .          Rampage  .   (no gloves)
Will    .....                   (no boots)
Stlth   +.........              (no amulet)
HPRegen 0.12/turn               (no ring)
MPRegen 0.09/turn               (no ring)

@: lethally poisoned (-7 -> -10)
A: spiny 1
a: no special abilities


You were on level 2 of the Dungeon.
You visited 1 branch of the dungeon, and saw 2 of its levels.

You collected 38 gold pieces.

Inventory:

Hand Weapons
 a - a +0 long sword (weapon)
Missiles
 d - 3 throwing nets (quivered)
Armour
 b - a +0 leather armour (worn)
 c - a +0 helmet (worn)
Scrolls
 e - 3 scrolls of identify {unknown}
Potions
 f - 2 potions of flight {unknown}
 g - a potion of mutation {unknown}


   Skills:
 + Level 4.6 Fighting
 - Level 2.6 Long Blades
 - Level 1.7 Throwing
 - Level 2.6 Dodging


You had 3 spell levels left.
You didn't know any spells.
Your spell library was empty.

Dungeon Overview and Level Annotations

Branches:
Dungeon (2/15)

Altars:

Annotations:
D:2 Natasha, Robin


Innate Abilities, Weirdness & Mutations

You are partially covered in sharp spines.


Message History

The crimson imp misses you.
You hit the crimson imp but do no damage.
The crimson imp is lightly wounded.
The crimson imp disappears in a puff of smoke!
The crimson imp hits you.
You miss the crimson imp.
The crimson imp is lightly wounded.
The crimson imp blinks!
You miss the goblin.
The goblin hits you with a +1 dagger of venom.
You are poisoned.
The goblin is struck by your spines.
You kill the goblin!
You feel very sick. The goblin is struck by your spines.
You kill the goblin!
Natasha closely misses you. The hobgoblin hits you.
Things that are here:
a +1 dagger of venom; a +0 club; a goblin corpse You barely miss Natasha.
You feel very sick. Natasha is struck by your spines. Natasha claws you.
The hobgoblin barely misses you. The hobgoblin is struck by your spines.
The hobgoblin closely misses you.
You feel sick. The crimson imp hits you.
* * * LOW HITPOINT WARNING * * *
Natasha barely misses you.
You hit Natasha.
Natasha is severely wounded.
You feel sick. The crimson imp closely misses you.
Natasha is struck by your spines. Natasha claws you!
* * * LOW HITPOINT WARNING * * *
The crimson imp closely misses you.
You barely miss Natasha.
Natasha is severely wounded.
* * * LOW HITPOINT WARNING * * *
You feel sick.
The crimson imp disappears in a puff of smoke!
Natasha claws you!
You die...

# ..# ...########## ##########
#...........# #........# ##
...........g###........######.
.........)ggh@§...............
..........gg###........####.#.
...........g# ########## #.#.
#..#.....#### #.#.
#....##.§.5<### #.#.
##.####.......# #.#.
#..........#.# #.##
#######g..## # ...
.g..g........). ...


You could see Natasha, 3 hobgoblins and 2 goblins.

Vanquished Creatures
  Natasha (D:2)
  An adder (D:2)
  A dart slug (D:1)
  5 ball pythons
  4 bats
  5 endoplasms
  A giant cockroach (D:2)
  8 goblins
  2 hobgoblins
  5 jackals (D:1)
  4 quokkas (D:1)
  2 frilled lizards (D:1)
  2 kobolds
  3 rats (D:1)
44 creatures vanquished.

Notes
Turn   | Place    | Note
-------+----------+-------------------------------------------
     0 | D:1      | vineage the Demonspawn Gladiator began the quest for the
                  | Orb.
     0 | D:1      | Reached XP level 1. HP: 16/16 MP: 1/1
   304 | D:1      | Gained mutation: You are partially covered in sharp spines.
                  | [demonic ancestry]
   304 | D:1      | Reached XP level 2. HP: 6/23 MP: 2/2
   308 | D:1      | Reached skill level 3 in Fighting
   622 | D:1      | Found a faded altar of an unknown god.
   847 | D:1      | Reached XP level 3. HP: 26/29 MP: 3/3
  1347 | D:2      | Noticed Natasha
  1364 | D:2      | Reached skill level 4 in Fighting
  1372 | D:2      | Killed Natasha
  1373 | D:2      | Reached XP level 4. HP: 29/38 MP: 4/4
  1528 | D:2      | Noticed Robin
  1528 | D:2      | Noticed Natasha
  1551 | D:2      | HP: 1/38 [Natasha (8)]
  1552 | D:2      | Mangled by Natasha

Illustrated notes

Levels and vault maps discovered:
D:1:      amcnicky_arrival_choice, layout_rooms, serial_corexii_hall,
          corexii_hall_statues_t, corexii_hall_statues_t,
          corexii_hall_statues_x, corexii_hall_statues_deadend,
          chequers_hall_statues_y, chequers_hall_statues_corner_a,
          basic_ecumenical_altar
D:2:      layout_basic, uniq_natasha, uniq_robin

Skill      XL: |  1  2  3 |
---------------+----------+-----
Fighting       | 3 4 |  4.6
Long Blades    | |  2.6
Throwing       | |  1.7
Dodging        | |  2.6

Action                   |  1- 3 |  4- 6 || total
-------------------------+-------+-------++-------
Melee: Long sword        |    70 |    14 ||    84
 Stab: Sleeping          |     1 |       ||     1
Armor: Leather armour    |    30 |     2 ||    32
Dodge: Dodged            |    54 |    11 ||    65

Table legend: (Time is in decaauts)
 A = Elapsed time spent in this place.
 B = Non-inter-level travel time spent in this place.
 C = Inter-level travel time spent in this place.
 D = Time resting spent in this place.
 E = Time spent auto-exploring this place.
 F = Levels seen in this place.
 G = Mean time per level.
                   A        B        C        D        E       F      G
               +--------+--------+--------+--------+--------+-----+--------+
         Total |   1583 |   1570 |     13 |    265 |   1030 |   2 |  791.5 |
       Dungeon |   1583 |   1570 |     13 |    265 |   1030 |   2 |  791.5 |
               +--------+--------+--------+--------+--------+-----+--------+

Top non-repeatable levels by time:
     D:1: 1329 daAuts
     D:2: 253 daAuts
